NCAA
XAVIER MUSKETEERS @ BUTLER BULLDOGS
05/14/2030
 
TOP OF THE 1ST
Xavier Musketeers batting - Pitching for Butler Bulldogs : LHP Dan Hashbarger
Pitching: LHP Dan Hashbarger
Batting: RHB Dillon Farley 0-0: Called Strike
0-1: Swinging Strike
0-2: Strikes out looking
Batting: RHB Aaron Keller 0-0: Ball
1-0: Called Strike
1-1: Ball
2-1: Ball
3-1: Foul Ball, location: 2F
3-2: Base on Balls
Batting: SHB Orlando Lópes 0-0: Foul Ball, location: 2F
0-1: Foul Ball, location: 2F
0-2: Foul Ball, location: 2F
0-2: Ball
1-2: Ball
2-2: Foul Ball, location: 2F
2-2: Fly out, F9 (Flyball, 9LS)
Batting: LHB Bobby Ryan 0-0: Ball
1-0: Fly out, F9 (Flyball, 9S)
Top of the 1st over - 0 runs, 0 hits, 0 errors, 1 left on base; Xavier 0 - Butler 0
BOTTOM OF THE 1ST
Butler Bulldogs batting - Pitching for Xavier Musketeers : RHP Will Madden
Pitching: RHP Will Madden
Batting: LHB Alex Kelly 0-0: Ground out 6-3 (Groundball, 6)
Batting: RHB Benjamin Monroe 0-0: Ball
1-0: SINGLE (Line Drive, 6MD)
Batting: RHB Patrice Charette 0-0: Ball
Benjamin Monroe steals 2nd base
1-0: Called Strike
1-1: Fly out, F8 (Line Drive, 8LM)
Runner from 2nd tags up, SAFE at 3rd with throw
Batting: LHB Bill O'Higgins 0-0: Ball
1-0: Called Strike
1-1: DOUBLE (Flyball, 8LXD)
Benjamin Monroe scores
Batting: LHB Tim Thomas 0-0: Swinging Strike
0-1: Ball
1-1: Foul Ball, location: 2F
1-2: Ball
2-2: Ground out 6-3 (Groundball, 6)
Bottom of the 1st over - 1 run, 2 hits, 0 errors, 1 left on base; Xavier 0 - Butler 1
TOP OF THE 2ND
Xavier Musketeers batting - Pitching for Butler Bulldogs : LHP Dan Hashbarger
Batting: LHB Duncan Sharp 0-0: Ball
1-0: Ground out 4-3 (Groundball, 34D)
Batting: RHB Greg Richards 0-0: Foul Ball, location: 2F
0-1: Ball
1-1: Swinging Strike
1-2: Foul Ball, location: 2F
1-2: Strikes out swinging
Batting: LHB Don Ellis 0-0: SINGLE (Groundball, 6MD)
Batting: LHB Johnny Beach 0-0: Called Strike
0-1: Foul Ball, location: 2F
0-2: Foul Ball, location: 2F
0-2: Strikes out swinging
Top of the 2nd over - 0 runs, 1 hit, 0 errors, 1 left on base; Xavier 0 - Butler 1
BOTTOM OF THE 2ND
Butler Bulldogs batting - Pitching for Xavier Musketeers : RHP Will Madden
Batting: RHB Bobby Coleman 0-0: Ball
1-0: Called Strike
1-1: Foul Ball, location: 2F
1-2: SINGLE (Line Drive, 7S)
Batting: RHB Kenny Lowe 0-0: Ball
1-0: Fielders Choice at 2nd, 6-4 (Groundball, 6)
Batting: LHB Lawrence Marshall 0-0: Called Strike
0-1: Called Strike
0-2: Strikes out swinging
Batting: RHB Danny Giles 0-0: SINGLE (Groundball, 5D)
Kenny Lowe to second
Batting: LHB Alex Kelly 0-0: Ground out 6-3 (Groundball, 6)
Bottom of the 2nd over - 0 runs, 2 hits, 0 errors, 2 left on base; Xavier 0 - Butler 1
TOP OF THE 3RD
Xavier Musketeers batting - Pitching for Butler Bulldogs : LHP Dan Hashbarger
Batting: RHB Albert Smedley 0-0: Ball
1-0: Called Strike
1-1: Swinging Strike
1-2: Strikes out swinging
Batting: RHB Dillon Farley 0-0: Called Strike
0-1: Foul Ball, location: 2F
0-2: Ball
1-2: Ball
2-2: Ground out 6-3 (Groundball, 6MD)
Batting: RHB Aaron Keller 0-0: Called Strike
0-1: Foul Ball, location: 2F
0-2: Ball
1-2: Ball
2-2: Ball
3-2: Foul Ball, location: 2F
3-2: Foul Ball, location: 2F
3-2: Base on Balls
Batting: SHB Orlando Lópes 0-0: Swinging Strike
0-1: Foul Ball, location: 2F
0-2: Foul Ball, location: 2F
0-2: Ball
1-2: Strikes out swinging
Top of the 3rd over - 0 runs, 0 hits, 0 errors, 1 left on base; Xavier 0 - Butler 1
BOTTOM OF THE 3RD
Butler Bulldogs batting - Pitching for Xavier Musketeers : RHP Will Madden
Batting: RHB Benjamin Monroe 0-0: Foul Ball, location: 2F
0-1: Ground out 5-3 (Groundball, 56S)
Batting: RHB Patrice Charette 0-0: Called Strike
0-1: SINGLE (Flyball, 89S)
Batting: LHB Bill O'Higgins 0-0: Called Strike
0-1: Ball
1-1: Foul Ball, location: 2F
1-2: Strikes out looking
Batting: LHB Tim Thomas 0-0: Foul Ball, location: 2F
0-1: Ball
1-1: Swinging Strike
1-2: Ball
2-2: Fielders Choice at 2nd, 5-4 (Groundball, 5)
Bottom of the 3rd over - 0 runs, 1 hit, 0 errors, 1 left on base; Xavier 0 - Butler 1
TOP OF THE 4TH
Xavier Musketeers batting - Pitching for Butler Bulldogs : LHP Dan Hashbarger
Batting: LHB Bobby Ryan 0-0: Ground out 4-3 (Groundball, 4)
Batting: LHB Duncan Sharp 0-0: Ball
1-0: Ball
2-0: Called Strike
2-1: Ground out 5-3 (Groundball, 56)
Batting: RHB Greg Richards 0-0: Ball
1-0: Foul Ball, location: 2F
1-1: Swinging Strike
1-2: Strikes out swinging
Top of the 4th over - 0 runs, 0 hits, 0 errors, 0 left on base; Xavier 0 - Butler 1
BOTTOM OF THE 4TH
Butler Bulldogs batting - Pitching for Xavier Musketeers : RHP Will Madden
Batting: RHB Bobby Coleman 0-0: Ground out 6-3 (Groundball, 6)
Batting: RHB Kenny Lowe 0-0: Foul Ball, location: 2F
0-1: Ball
1-1: Ball
2-1: Swinging Strike
2-2: Ball
3-2: SINGLE (Groundball, 6D)
Batting: LHB Lawrence Marshall 0-0: Fielders Choice at 2nd, 1-6 (Groundball, P)
Batting: RHB Danny Giles 0-0: Ball
1-0: Ball
2-0: Ball
3-0: Base on Balls
Lawrence Marshall to second
Batting: LHB Alex Kelly 0-0: Swinging Strike
0-1: SINGLE (Groundball, 4MD)
Lawrence Marshall to third
Danny Giles to second
Runner from 3rd tries for Home, throw and OUT!
Bottom of the 4th over - 0 runs, 2 hits, 0 errors, 2 left on base; Xavier 0 - Butler 1
TOP OF THE 5TH
Xavier Musketeers batting - Pitching for Butler Bulldogs : LHP Dan Hashbarger
Batting: LHB Don Ellis 0-0: Called Strike
0-1: Swinging Strike
0-2: Ball
1-2: Strikes out looking
Batting: LHB Johnny Beach 0-0: Ball
1-0: Ball
2-0: Called Strike
2-1: Foul Ball, location: 2F
2-2: Ball
3-2: Foul Ball, location: 2F
3-2: Foul Ball, location: 2F
3-2: Strikes out looking
Batting: RHB Albert Smedley 0-0: Ball
1-0: SINGLE (Groundball, 3D)
Batting: RHB Dillon Farley 0-0: Ball
1-0: Swinging Strike
1-1: Swinging Strike
1-2: Ball
2-2: Foul Ball, location: 2F
2-2: Strikes out swinging
Top of the 5th over - 0 runs, 1 hit, 0 errors, 1 left on base; Xavier 0 - Butler 1
BOTTOM OF THE 5TH
Butler Bulldogs batting - Pitching for Xavier Musketeers : RHP Will Madden
Batting: RHB Benjamin Monroe 0-0: Bunt for hit - play at first, batter OUT! 1-3
Batting: RHB Patrice Charette 0-0: DOUBLE (Line Drive, 78M)
Batting: LHB Bill O'Higgins 0-0: Intentional Walk
Batting: LHB Tim Thomas 0-0: Ball
1-0: Reached on error, E3 (Groundball, 3)
Patrice Charette to third
Bill O'Higgins to second
Batting: RHB Bobby Coleman 0-0: Fly out, F8 (Flyball, 89M)
Runner from 3rd tags up, SCORES, no throw
Batting: RHB Kenny Lowe 0-0: Called Strike
0-1: Foul Ball, location: 2F
0-2: Strikes out looking
Bottom of the 5th over - 1 run, 1 hit, 1 error, 2 left on base; Xavier 0 - Butler 2
TOP OF THE 6TH
Xavier Musketeers batting - Pitching for Butler Bulldogs : LHP Dan Hashbarger
Pitching: RHP Jim Quinborough
Batting: RHB Aaron Keller 0-0: Ball
1-0: Ball
2-0: Ball
3-0: Called Strike
3-1: Base on Balls
Batting: SHB Orlando Lópes 0-0: Ball
1-0: Called Strike
1-1: Swinging Strike
1-2: Foul Ball, location: 2F
1-2: Fielders Choice at 2nd, 5-4 (Groundball, 56D)
Batting: LHB Bobby Ryan 0-0: Ball
1-0: Called Strike
1-1: Fly out, F7 (Flyball, 7S)
Batting: LHB Duncan Sharp 0-0: Ball
1-0: Ball
2-0: Called Strike
2-1: Ball
3-1: Called Strike
3-2: Base on Balls
Orlando Lópes to second
Batting: RHB Greg Richards 0-0: Ball
1-0: Ball
2-0: Ball
3-0: Ground out 1-3 (Groundball, P)
Top of the 6th over - 0 runs, 0 hits, 0 errors, 2 left on base; Xavier 0 - Butler 2
BOTTOM OF THE 6TH
Butler Bulldogs batting - Pitching for Xavier Musketeers : RHP Will Madden
Batting: LHB Lawrence Marshall 0-0: Ball
1-0: Ball
2-0: Ball
3-0: Base on Balls
Batting: RHB Danny Giles 0-0: Called Strike
0-1: Ball
1-1: Ball
2-1: Ball
3-1: Foul Ball, location: 2F
3-2: Foul Ball, location: 2F
3-2: Foul Ball, location: 2F
3-2: Strikes out swinging
Batting: LHB Alex Kelly 0-0: Ball
1-0: Called Strike
1-1: Foul Ball, location: 2F
1-2: Ball
2-2: Ball
3-2: Grounds into double play, 4-6-3 (Groundball, 4M)
Bottom of the 6th over - 0 runs, 0 hits, 0 errors, 0 left on base; Xavier 0 - Butler 2
TOP OF THE 7TH
Xavier Musketeers batting - Pitching for Butler Bulldogs : RHP Jim Quinborough
Batting: LHB Don Ellis 0-0: Ball
1-0: Ground out 1-3 (Groundball, P)
Batting: LHB Johnny Beach 0-0: Ball
1-0: Ball
2-0: Called Strike
2-1: Ground out U3 (Groundball, 34)
Batting: RHB Albert Smedley 0-0: SINGLE (Groundball, 56D)
Batting: RHB Dillon Farley 0-0: Swinging Strike
0-1: Called Strike
Albert Smedley steals 2nd base
0-2: Fly out, F8 (Flyball, 8RS)
Top of the 7th over - 0 runs, 1 hit, 0 errors, 1 left on base; Xavier 0 - Butler 2
BOTTOM OF THE 7TH
Butler Bulldogs batting - Pitching for Xavier Musketeers : RHP Will Madden
Batting: RHB Benjamin Monroe 0-0: Fly out, F8 (Flyball, 8LM)
Batting: RHB Patrice Charette 0-0: Foul Ball, location: 2F
0-1: Fly out, F8 (Flyball, 8LD)
Batting: LHB Bill O'Higgins 0-0: Called Strike
0-1: Foul Ball, location: 2F
0-2: Ball
1-2: Ball
2-2: Foul Ball, location: 2F
2-2: SINGLE (Line Drive, 3D)
Pitching: LHP António Muńóz
Batting: LHB Tim Thomas 0-0: Ball
1-0: Called Strike
1-1: Ground out 6-3 (Groundball, 6S)
Bottom of the 7th over - 0 runs, 1 hit, 0 errors, 1 left on base; Xavier 0 - Butler 2
TOP OF THE 8TH
Xavier Musketeers batting - Pitching for Butler Bulldogs : RHP Jim Quinborough
Batting: RHB Aaron Keller 0-0: Called Strike
0-1: Swinging Strike
0-2: Foul Ball, location: 2F
0-2: Ground out 4-3 (Groundball, 4)
Batting: SHB Orlando Lópes 0-0: Ball
1-0: Foul Ball, location: 2F
1-1: Called Strike
1-2: Ball
2-2: SINGLE (Groundball, 6MD)
Batting: LHB Bobby Ryan 0-0: Hit by Pitch
Orlando Lópes to second
Pitching: LHP Tom Reyes
Batting: LHB Duncan Sharp 0-0: Called Strike
0-1: Swinging Strike
0-2: Grounds into double play, 4-6-3 (Groundball, 4)
Top of the 8th over - 0 runs, 1 hit, 0 errors, 1 left on base; Xavier 0 - Butler 2
BOTTOM OF THE 8TH
Butler Bulldogs batting - Pitching for Xavier Musketeers : LHP António Muńóz
Batting: RHB Bobby Coleman 0-0: Called Strike
0-1: Called Strike
0-2: Ground out 6-3 (Groundball, 56)
Batting: RHB Kenny Lowe 0-0: Foul Ball, location: 2F
0-1: SINGLE (Groundball, 6MD)
Batting: LHB Lawrence Marshall 0-0: Called Strike
0-1: Ball
1-1: Called Strike
1-2: Ball
2-2: Ball
3-2: Base on Balls
Kenny Lowe to second
Batting: RHB Danny Giles 0-0: Called Strike
0-1: Called Strike
0-2: SINGLE (Groundball, 56D)
Kenny Lowe to third
Lawrence Marshall to second
Runner from 3rd tries for Home, SAFE, no throw
Batting: LHB Alex Kelly 0-0: Ball
1-0: Called Strike
1-1: Ball
2-1: Foul Ball, location: 2F
2-2: Ball
3-2: Grounds into double play, 5-4-3 (Groundball, 56)
Bottom of the 8th over - 1 run, 2 hits, 0 errors, 1 left on base; Xavier 0 - Butler 3
TOP OF THE 9TH
Xavier Musketeers batting - Pitching for Butler Bulldogs : LHP Tom Reyes
Pitching: RHP Bartolo Carr
Batting: RHB Greg Richards 0-0: Swinging Strike
0-1: Ball
1-1: Swinging Strike
1-2: Strikes out looking
Batting: LHB Don Ellis 0-0: Called Strike
0-1: SINGLE (Groundball, 6D)
Batting: LHB Johnny Beach 0-0: Swinging Strike
0-1: Foul Ball, location: 2F
0-2: Strikes out swinging
Batting: RHB Albert Smedley 0-0: Called Strike
0-1: Ball
1-1: Called Strike
1-2: Foul Ball, location: 2F
1-2: Strikes out looking
Top of the 9th over - 0 runs, 1 hit, 0 errors, 1 left on base; Xavier 0 - Butler 3
Saturday, April 7th, 2018 - OOTP Baseball 18.8 Build 76